 Seeded DCSS version 0.28-a0-973-ga7f8b01127 (webtiles) character file.

Game seed: 319261683642729223 (custom seed)

392 croobank the Slasher (level 6, -3/42 HPs)
             Began as an Octopode Monk on Dec 2, 2021.
             Killed from afar by an orc wizard (7 damage)
             ... with a magic dart
             ... on level 4 of the Dungeon.
             The game lasted 00:13:25 (2244 turns).

croobank the Slasher (Octopode Monk)                Turns: 2244, Time: 00:13:26

Health: -3/42      AC:  1    Str: 13    XL:     6   Next: 81%
Magic:  0/6        EV: 14    Int: 12    God:
Gold:   181        SH:  0    Dex: 14    Spells: 5/5 levels left

rFire   . . .      SeeInvis .   k - +1 falchion (vamp)
rCold   . . .      Faith    .   (no shield)
rNeg    . . .      Spirit   +   (helmet restricted)
rPois   .          Reflect  .   e - amulet of guardian spirit
rElec   .          Harm     .   (no ring)
rCorr   .          Rampage  .   (no ring)
Will    .....                   (no ring)
Stlth   +++.......              (no ring)
HPRegen 0.14/turn               (no ring)
MPRegen 0.10/turn               (no ring)
                                (no ring)
                                (no ring)

@: on berserk cooldown
A: almost no armour, amphibious, 8 rings, camouflage 1, gelatinous body 1,
(nimble swimmer 1), tentacles
a: no special abilities


You were on level 4 of the Dungeon.
You visited 1 branch of the dungeon, and saw 4 of its levels.

You collected 181 gold pieces.

Inventory:

Hand Weapons
 a - a +0 hand axe
 c - a +1 whip of flaming
 h - a +0 short sword
 k - a +1 vampiric falchion (weapon)
 m - a +1 mace of protection
Missiles
 b - 28 bolts
 i - 23 arrows
 j - 146 stones (quivered)
Jewellery
 e - an amulet of guardian spirit (around mantle)
Scrolls
 o - a scroll of magic mapping {unknown}
Potions
 f - 3 potions of flight
 n - a potion of berserk rage


   Skills:
 - Level 3.1 Fighting
 + Level 6.1 Long Blades
 - Level 3.0(3.3) Axes
 - Level 1.6(2.6) Maces & Flails
 - Level 3.0 Dodging
 - Level 2.7 Stealth


You had 5 spell levels left.
You didn't know any spells.
Your spell library contained the following spells:

 Spells                   Type           Power      Damage    Failure   Level
 Apportation              Tloc           0%         N/A       32%         1
 Alistair's Intoxication  Tmut/Pois      0%         N/A       100%        5


Dungeon Overview and Level Annotations

Branches:
Dungeon (4/15)
 Temple: D:4-7

Altars:

Shops:
D:3 (


Innate Abilities, Weirdness & Mutations

You cannot wear most types of armour.
You are amphibious.
You can wear up to eight rings at the same time.
Your skin changes colour to match your surroundings (Stealth+).
Your rubbery body absorbs attacks. (AC +1, EV +1)
((You are camouflaged near water. (Stealth+)))
You have tentacles for arms and can constrict up to eight enemies at once.


Message History

You slash the orc priest!
You feel better.
You kill the orc priest!
You constrict something.
You feel sick. Something hits you.
Your Long Blades skill increases to level 6!
You bump into the rock wall.
You constrict something.
You feel sick.
The orc wizard points at you and mumbles some strange words.
The kobold closely misses you.
You barely miss the kobold. You constrict something.
Reactivating autopickup.
You feel a bit more experienced.
Found a stone staircase leading down.
You feel sick.
You are no longer poisoned.
The orc wizard gestures at you while chanting.
The magic dart hits you.
* * * LOW HITPOINT WARNING * * *
The kobold hits you but does no damage.
Things that are here:
a +0 dagger; a +0 robe; an orc corpse You slash the kobold!
You feel better.
You kill the kobold!
The orc wizard hits you with a +0 dagger.
* * * LOW HITPOINT WARNING * * *
You're too confused to move!
You are no longer berserk.
You are exhausted.
You feel yourself slow down.
You bump into the rock wall.
The orc wizard barely misses you.
The orc wizard hits you with a +0 dagger.
* * * LOW HITPOINT WARNING * * *
You barely miss the orc wizard. You squeeze the orc wizard!
The orc wizard is heavily wounded.
You feel less confused.
The orc wizard hits you with a +0 dagger.
* * * LOW HITPOINT WARNING * * *
Your magical effects are unravelling.
You feel magically purged.
You feel yourself speed up. The orc wizard casts a spell at you.
The magic dart hits you!
You die...

#### ##........
...#####.....>.#
...............#
.....###.......####
.<...# ##.......$.#
.....# #..†.†..##.
.....# #......)##
.....# #......).##
....## ##.....#)@#
....##
##...###.o.⌠....
.....# #####
#......>. .....#
##..⌠.... .....#
#...... .....#
#..⌠.. .....# #...#
....## #### ...##


You could see an orc wizard.

Vanquished Creatures
  A scorpion (D:4)
  3 orc priests
  3 jellies (D:2)
  An orc wizard (D:4)
  6 adders
  A worm (D:2)
  2 dart slugs
  5 orcs
  6 bats
  12 endoplasms (D:2)
  3 giant cockroaches
  4 hobgoblins
  14 kobolds
  4 quokkas
  2 ball pythons
  2 frilled lizards (D:3)
  4 rats
73 creatures vanquished.

Vanquished Creatures (others)
  A fungus (D:2)
  8 toadstools (D:2)
9 creatures vanquished.

Grand Total: 82 creatures vanquished

Notes
Turn   | Place    | Note
-------+----------+-------------------------------------------
     0 | D:1      | croobank the Octopode Monk began the quest for the Orb.
     0 | D:1      | Reached XP level 1. HP: 16/16 MP: 1/1
    26 | D:1      | Found a faded altar of an unknown god.
   136 | D:1      | Reached XP level 2. HP: 18/21 MP: 2/2
   139 | D:1      | Reached skill level 1 in Maces & Flails
   540 | D:2      | Reached skill level 1 in Long Blades
   540 | D:2      | Reached XP level 3. HP: 19/26 MP: 3/3
   888 | D:2      | Reached skill level 2 in Long Blades
  1174 | D:2      | Reached skill level 3 in Long Blades
  1174 | D:2      | Reached XP level 4. HP: 22/31 MP: 1/4
  1227 | D:2      | Reached XP level 5. HP: 27/36 MP: 3/5
  1332 | D:2      | HP: 1/36 [acid (6)]
  1335 | D:2      | Reached skill level 4 in Long Blades
  1536 | D:3      | Found Ystrisenn's Weapon Shop.
  1898 | D:3      | Reached XP level 6. HP: 37/42 MP: 4/6
  1902 | D:3      | Reached skill level 5 in Long Blades
  2237 | D:4      | Reached skill level 6 in Long Blades
  2244 | D:4      | Killed from afar by an orc wizard

Illustrated notes

Levels and vault maps discovered:
D:1:      kennysheep_arrival_seaside, layout_rooms,
          ebering_ecumenical_altar_petrified, minmay_split_cup_large
D:2:      cheibrodos_fertilizer, layout_basic
D:3:      layout_loops_cross, serial_shops, shop_fountains
D:4:      gammafunk_cloud_chamber, layout_rooms,
          nicolae_overflow_hallway_of_the_gods, minmay_temple_entry_mini_moons,
          grunt_ministairs_9, uniq_duvessa

Skill      XL: |  1  2  3  4  5  6 |
---------------+-------------------+-----
Maces & Flails | 1 |  1.6
Long Blades    | 1 3 4 6 |  6.1
Fighting       | |  3.1
Axes           | |  3.0
Dodging        | |  3.0
Stealth        | |  2.7

Action                   |  1- 3 |  4- 6 || total
-------------------------+-------+-------++-------
Melee: Hand axe          |     3 |       ||     3
       Whip              |    11 |    13 ||    24
       Tentacles         |    11 |    17 ||    28
       Falchion          |    47 |    78 ||   125
       Constrict         |    10 |    15 ||    25
  Use: Scroll            |     3 |     2 ||     5
       Potion            |       |     8 ||     8
 Stab: Sleeping          |    14 |    12 ||    26
Armor: Skin              |     6 |     2 ||     8
Dodge: Dodged            |    33 |    76 ||   109

Table legend: (Time is in decaauts)
 A = Elapsed time spent in this place.
 B = Non-inter-level travel time spent in this place.
 C = Inter-level travel time spent in this place.
 D = Time resting spent in this place.
 E = Time spent auto-exploring this place.
 F = Levels seen in this place.
 G = Mean time per level.
                   A        B        C        D        E       F      G
               +--------+--------+--------+--------+--------+-----+--------+
         Total |   2253 |   2122 |    131 |      2 |   1379 |   4 |  563.2 |
       Dungeon |   2253 |   2122 |    131 |      2 |   1379 |   4 |  563.2 |
               +--------+--------+--------+--------+--------+-----+--------+

Top non-repeatable levels by time:
     D:2: 990 daAuts
     D:3: 669 daAuts
     D:1: 520 daAuts
     D:4: 72 daAuts
